 Dungeon Crawl Stone Soup version 0.24-a0-521-g122614bf49 (webtiles) character file.

Game seed: 17199860163305927824

3502 krystol the Thaumaturge (level 9, -1/45 HPs)
             Began as a Deep Elf Summoner on July 26, 2019.
             Was a Priest of Sif Muna.
             Slain by an eight-headed hydra (11 damage)
             ... on level 9 of the Dungeon on July 28, 2019.
             The game lasted 00:33:42 (10579 turns).

krystol the Thaumaturge (Deep Elf Summoner)        Turns: 10579, Time: 00:33:42

Health: -1/45      AC: 11    Str:  7    XL:     9   Next: 80%
Magic:  17/28      EV: 12    Int: 27    God:    Sif Muna [***...]
Gold:   1271       SH:  0    Dex: 17    Spells: 24/34 levels left

rFire    . . .     SeeInvis .   F - +6 mace of Hacking and Slashing {distort, Dex+2}
rCold    . . .     Gourm    .   (no shield)
rNeg     . . .     Faith    .   L - +1 leather armour of Card Tricks {Str+2 Stlth+}
rPois    .         Spirit   .   G - +2 hat
rElec    .         Reflect  .   B - +2 cloak
rCorr    +         Harm     .   z - +0 pair of gloves
MR       .....                  b - +0 pair of boots
Stlth    +++.......             (no amulet)
HPRegen  0.15/turn              q - +3 ring of intelligence
MPRegen  0.21/turn              l - ring of resist corrosion

@: no status effects
A: no striking features
a: Channel Magic, Forget Spell, Renounce Religion


You were on level 9 of the Dungeon.
You worshipped Sif Muna.
Sif Muna was most pleased with you.
You were not hungry.

You visited 2 branches of the dungeon, and saw 10 of its levels.
You also visited: Bailey.

You collected 1271 gold pieces.

Inventory:

Hand Weapons
 f - a +0 dagger
   (You took it off a goblin on level 1 of the Dungeon)
 g - a +2 short sword of venom
   (You took it off a kobold on level 1 of the Dungeon)
 s - the +8 long sword "Overikk" {freeze, rF+ rC+, unknown}
   (You found it in a bailey)

   It has been specially enchanted to freeze those struck by it, causing extra
   injury to most foes and up to half again as much damage against particularly
   susceptible opponents.
   It can also slow down cold-blooded creatures.
   It protects you from fire.
   It protects you from cold.
 F - the +6 mace of Hacking and Slashing (weapon) {distort, Dex+2}
   (You found it on level 7 of the Dungeon)

   It warps and distorts space around it.
   Unwielding it can cause banishment or high damage.
   It affects your dexterity (+2).
Missiles
 k - 42 poisoned darts (quivered)
Armour
 a - a +0 robe
 b - a +0 pair of boots (worn)
   (You found it on level 2 of the Dungeon)
 t - a +2 ring mail of poison resistance
   (You found it in a bailey)
 z - a +0 pair of gloves (worn)
   (You found it on level 5 of the Dungeon)
 B - a +2 cloak (worn)
   (You found it on level 7 of the Dungeon)
 C - a scarf of cloud immunity
   (You found it on level 8 of the Dungeon)
 G - a +2 hat (worn)
   (You took it off Gastronok on level 8 of the Dungeon)
 L - the +1 leather armour of Card Tricks (worn) {Str+2 Stlth+}
   (You found it on level 8 of the Dungeon)

   It affects your strength (+2).
   It makes you more stealthy.
Jewellery
 i - an uncursed ring of protection from fire
   (You found it on level 3 of the Dungeon)
 l - a ring of resist corrosion (right hand)
   (You found it on level 2 of the Dungeon)
 q - a +3 ring of intelligence (left hand)
   (You found it on level 4 of the Dungeon)
 y - an uncursed ring of attention
   (You found it on level 5 of the Dungeon)
Wands
 d - a wand of iceblast (8)
   (You found it on level 8 of the Dungeon)
 v - a wand of polymorph (11)
   (You found it on level 4 of the Dungeon)
Scrolls
 c - 2 scrolls of teleportation {@r4}
 n - 2 scrolls of amnesia
 p - a scroll of blinking
 u - a scroll of fog
 A - a scroll of identify {@r1}
Potions
 h - 7 potions of curing {@q1}
 j - a potion of heal wounds {unknown}
 m - a potion of flight {unknown}
 r - 2 potions of brilliance
 w - a potion of mutation {unknown}
 x - a potion of haste {unknown}
 D - a potion of magic {unknown}
 E - 2 potions of invisibility
 H - 3 potions of might
 I - 2 potions of resistance
 K - a potion of agility {unknown}
Comestibles
 e - 10 rations {!d}


   Skills:
 - Level 2.4 Dodging
 - Level 2.4 Stealth
 + Level 13.0 Spellcasting
 - Level 6.3 Summonings
 - Level 6.0 Air Magic
 + Level 6.8 Invocations


You had 24 spell levels left.
You knew the following spells:

 Your Spells              Type           Power        Failure   Level  Hunger
a - Summon Small Mammal   Summ           ####         1%          1    None
c - Call Canine Familiar  Summ           ######..     1%          3    None
x - Call Imp              Summ           ######..     1%          2    None
z - Summon Lightning Spi  Summ/Air       ######..     3%          4    None

Your spell library contained the following spells:

 Spells                   Type           Power        Failure   Level  Hunger
 Summon Guardian Golem    Hex/Summ       ####....     3%          3    None
 Corona                   Hex            ###....      4%          1    None
 Ensorcelled Hibernation  Hex/Ice        ###...       7%          2    None
 Summon Ice Beast         Ice/Summ       ####....     13%         4    None
 Confuse                  Hex            ###.....     14%         3    None
 Dazzling Spray           Conj/Hex       ###...       14%         3    None
 Tukima's Dance           Hex            ###.....     14%         3    None


Dungeon Overview and Level Annotations

Branches:
Dungeon (9/15)             Temple (1/1) D:4            Lair (0/6) D:9
    Orc (0/2) D:9

Altars:
Ashenzari
Cheibriados
Dithmenos
Elyvilon
Fedhas
Gozag
Hepliaklqana
Kikubaaqudgha
Makhleb
Nemelex Xobeh
Okawaru
Qazlal
Ru
Sif Muna
Trog
Uskayaw
Vehumet
Wu Jian
Xom
Yredelemnul
Zin
The Shining One

Shops:
D:5 =

Annotations:
D:3 exclusion: downstairs


Message History

The centaur dies!
Sif Muna accepts your kill.
Your Spellcasting skill increases to level 13!
You thump the bullfrog skeleton!
The bullfrog skeleton is devoured by a tear in reality.
The iguana bites your lightning spire.
Your lightning spire shoots out a bolt of lightning at the iguana!
The bolt of electricity hits the iguana!
The iguana dies!
Sif Muna accepts your kill.
The bolt of electricity hits the eight-headed hydra.
The bolt of electricity misses the eight-headed hydra.
Okay, then.
Your lightning spire shoots out a bolt of lightning at the eight-headed hydra!
The bolt of electricity hits the eight-headed hydra!
The eight-headed hydra bites your lightning spire but does no damage.
The eight-headed hydra barely misses your lightning spire. x2
The eight-headed hydra bites your lightning spire but does no damage.
The eight-headed hydra bites your lightning spire! x2
Your lightning spire is destroyed!
An electric hum fills the air.
Your lightning spire shoots out a bolt of lightning at the eight-headed hydra!
The bolt of electricity hits the eight-headed hydra! x2
The bolt of electricity hits your lightning spire.
Your lightning spire completely resists.
The bolt of electricity hits your lightning spire.
Your lightning spire completely resists.
The eight-headed hydra bites your lightning spire.
The eight-headed hydra bites your lightning spire but does no damage.
The eight-headed hydra bites your lightning spire.
The eight-headed hydra bites your lightning spire!
The eight-headed hydra bites your lightning spire but does no damage.
The eight-headed hydra bites your lightning spire.
The eight-headed hydra bites your lightning spire!
The eight-headed hydra bites your lightning spire.
The eight-headed hydra bites your lightning spire but does no damage. x2
The eight-headed hydra bites your lightning spire.
The eight-headed hydra bites your lightning spire but does no damage.
The eight-headed hydra bites your lightning spire!
Your lightning spire is destroyed!
An electric hum fills the air.
The eight-headed hydra bites you. The eight-headed hydra bites you!
The eight-headed hydra closely misses you.
The eight-headed hydra bites you! x2
* * * LOW HITPOINT WARNING * * *
The eight-headed hydra bites you but does no damage.
The eight-headed hydra bites you!
* * * LOW HITPOINT WARNING * * *
The eight-headed hydra bites you!
You die...

,,,,,,,,,,,,*#...#..###......#.#.
*,,,,,,,,,,,*#.##.#.#.##.#...###.
**,,,,,....**#..###8...###......#
>,,,,,,.....*###.####### ##..##.#
,,,,,,,.....###.## **##**#######
,,,,,,,,**#.....# *##...*,,,,*
,,******* ###...###...#**,,,,*
*** ##....§.#****,,,,* ,**
##8@§###*,,,,,,** ,,* ##D##
*,,,,,,,* ,,* #(.# *,,,,,,,* ,**
**** #(## *,,,,,,,* ,* **,,***
*#.* **,,,,,,,* ** **,,,,,***.)*
*,,,,,,,** * **,,,,,>,,#.#*
*,,,,*,,* *,,,,,,,,,..,**
*****,,,* **,,,,,,,,...,,** *,,,*


You could see an eight-headed hydra and a friendly lightning spire.

Vanquished Creatures
  2 hungry ghosts (D:9)
  A water moccasin (D:9)
  An ice beast (D:5)
  A phantom (D:9)
  A centaur (D:6)
  A bullfrog (D:6)
  A scorpion (D:5)
  2 killer bees (D:7)
  An orc wizard (D:6)
  An orc priest (D:6)
  A bullfrog skeleton (D:4)
  2 worker ants
  An ogre zombie (D:9)
  A hound skeleton (D:7)
  2 adders
  An adder zombie (D:5)
  A leopard gecko (D:2)
  11 orcs
  A giant cockroach (D:8)
  2 goblins
  5 hobgoblins
  3 jackals (D:8)
  5 quokkas
  2 ball pythons
  5 frilled lizards
  2 goblin skeletons (D:9)
  A goblin zombie (D:9)
  A hobgoblin zombie (D:9)
  An orc skeleton (D:9)
  7 orc zombies (D:9)
  3 rats (D:3)
  2 bushes (D:1)
  A fungus (D:7)
73 creatures vanquished.

Vanquished Creatures (collateral kills)
  Gastronok (D:8)
  Psyche (D:8)
  3 hippogriffs
  Duvessa (D:7)
  5 orc warriors (Bailey)
  An ice beast (D:5)
  4 necrophages (D:6)
  A phantom (D:9)
  2 centaurs (D:9)
  3 ogres
  A wyvern zombie (D:6)
  A water moccasin zombie (D:6)
  Dowan (D:7)
  3 killer bees (D:7)
  2 troll zombies (D:9)
  8 wights
  3 howler monkeys
  Crazy Yiuf (D:7)
  A bullfrog skeleton (D:8)
  A centaur skeleton (D:5)
  2 hounds
  2 iguanas
  3 worker ants
  An ogre zombie (D:9)
  A howler monkey zombie (D:8)
  2 gnolls
  3 adders
  2 shadow imps
  An ooze (D:6)
  3 adder zombies
  2 worms
  A dart slug (D:2)
  2 leopard geckos
  13 orcs
  2 giant cockroaches
  9 goblins
  7 hobgoblins
  2 quokkas (D:3)
  A ball python (D:6)
  3 frilled lizards (D:1)
  A hobgoblin skeleton (D:9)
  21 kobolds
  3 orc zombies (D:9)
  2 quokka skeletons
  2 rats (D:1)
135 creatures vanquished.

Vanquished Creatures (others)
  A bullfrog skeleton (D:9)
  A gnoll (Bailey)
  An adder skeleton (D:8)
  10 plants (D:6)
13 creatures vanquished.

Grand Total: 221 creatures vanquished

Notes
Turn   | Place    | Note
-------+----------+-------------------------------------------
     0 | D:1      | krystol the Deep Elf Summoner began the quest for the Orb.
     0 | D:1      | Reached XP level 1. HP: 10/10 MP: 6/6
   346 | D:1      | Reached XP level 2. HP: 15/15 MP: 1/8
   413 | D:1      | Learned a level 2 spell: Call Imp
   719 | D:1      | Reached skill level 5 in Summonings
   934 | D:2      | Found a faded altar of an unknown god.
  1126 | D:2      | Found a sparkling altar of Nemelex Xobeh.
  1464 | D:2      | Reached XP level 3. HP: 18/19 MP: 3/10
  1498 | D:2      | Upgraded the game from 0.24-a0-520-g8fd06ad0bc to
                  | 0.24-a0-521-g122614bf49
  1502 | D:2      | Learned a level 3 spell: Call Canine Familiar
  1914 | D:3      | Reached skill level 4 in Spellcasting
  1943 | D:3      | Found a burning altar of Makhleb.
  2259 | D:4      | Reached XP level 4. HP: 22/24 MP: 6/12
  2801 | D:4      | Learned a level 4 spell: Summon Lightning Spire
  2805 | D:4      | Noticed a hippogriff
  2873 | D:4      | Killed a hippogriff
  2873 | D:4      | Reached skill level 1 in Air Magic
  2873 | D:4      | Reached XP level 5. HP: 28/28 MP: 1/14
  2977 | D:4      | Found a snail-covered altar of Cheibriados.
  3115 | D:4      | Found a staircase to the Ecumenical Temple.
  3160 | D:4      | Noticed an ogre
  3200 | D:4      | Reached skill level 5 in Spellcasting
  3292 | D:4      | Killed an ogre
  3292 | D:4      | Reached XP level 6. HP: 32/32 MP: 3/15
  3856 | Temple   | Entered the Ecumenical Temple
  3883 | Temple   | Became a worshipper of Sif Muna the Loreminder
  3937 | D:5      | Entered Level 5 of the Dungeon
  4451 | D:5      | Found Siohisan's Jewellery Shop.
  4572 | D:5      | Noticed an ice beast
  4573 | D:5      | Noticed an ice beast
  4579 | D:5      | Killed an ice beast
  4771 | D:5      | Killed an ice beast
  4771 | D:5      | Reached skill level 6 in Spellcasting
  4771 | D:5      | Reached XP level 7. HP: 36/36 MP: 12/18
  5117 | D:6      | Found a blossoming altar of Fedhas.
  5210 | D:6      | Reached * piety under Sif Muna
  5319 | D:6      | Reached skill level 5 in Air Magic
  5671 | D:6      | Found a glowing golden altar of the Shining One.
  6338 | D:6      | Reached skill level 7 in Spellcasting
  6542 | D:7      | Found a stormy altar of Qazlal.
  6567 | D:7      | Noticed a hippogriff
  6598 | D:7      | Killed a hippogriff
  6598 | D:7      | Reached skill level 8 in Spellcasting
  6598 | D:7      | Reached XP level 8. HP: 41/41 MP: 9/22
  6754 | D:7      | Noticed a hippogriff
  6767 | D:7      | Killed a hippogriff
  6864 | D:7      | Reached skill level 9 in Spellcasting
  7481 | D:7      | Got an ivory mace
  7542 | D:7      | Noticed Dowan
  7739 | D:7      | Killed Dowan
  7739 | D:7      | Reached skill level 10 in Spellcasting
  7876 | D:7      | Noticed Duvessa
  8018 | D:7      | Killed Duvessa
  8078 | D:7      | Found a runed translucent door.
  8079 | D:7      | Noticed Crazy Yiuf
  8089 | D:7      | Killed Crazy Yiuf
  8089 | D:7      | Reached ** piety under Sif Muna
  8215 | D:7      | Found an iron altar of Okawaru.
  8500 | D:8      | Found a bloodstained altar of Trog.
  8693 | D:8      | Noticed Gastronok
  8812 | D:8      | Killed Gastronok
  8812 | D:8      | Reached skill level 11 in Spellcasting
  8812 | D:8      | Reached XP level 9. HP: 30/45 MP: 14/26
  8886 | D:8      | Identified the +6 mace of Hacking and Slashing {distort,
                  | Dex+2} (You found it on level 7 of the Dungeon)
  9173 | D:8      | Noticed a deep elf mage
  9173 | D:8      | Noticed Psyche
  9176 | D:8      | Killed Psyche
  9176 | D:8      | Reached skill level 12 in Spellcasting
  9182 | D:8      | Got a smoking leather armour
  9193 | D:8      | Identified the cursed +1 leather armour of Card Tricks
                  | {Str+2 Stlth+} (You found it on level 8 of the Dungeon)
  9317 | D:8      | Found a shimmering altar of Xom.
  9483 | D:9      | Reached skill level 5 in Invocations
  9542 | D:9      | Found a flagged portal.
  9559 | Bailey   | Entered a bailey
  9849 | Bailey   | Reached *** piety under Sif Muna
 10013 | Bailey   | Got a bloodstained long sword
 10186 | D:9      | Found a staircase to the Orcish Mines.
 10569 | D:9      | Noticed an eight-headed hydra
 10571 | D:9      | Reached skill level 13 in Spellcasting
 10579 | D:9      | Slain by an eight-headed hydra

Levels and vault maps discovered:
D:1:      dpeg_arrival_tiny_a, layout_rooms, serial_forest,
          infiniplex_forest_lined_ring, infiniplex_forest_clump_small,
          infiniplex_forest_lined_room_2, infiniplex_forest_end_1,
          infiniplex_forest_lined_3
D:2:      layout_rooms, nemelex_xobeh_ov_fountains_minmay,
          chequers_ecumenical_altar_simple, chequers_serial_rivers_room_a
D:3:      layout_basic, lemuel_doored_altar, first_ration
D:4:      layout_basic, lemuel_temple_firewalk_b, cheibriados_altar_1
D:5:      layout_gridville, serial_shops, shop, lemuel_old_faithful
D:6:      layout_layer_cave, nicolae_tso_swordbearing_angel,
          fedhas_altar_decomposition, nrook_uturn
D:7:      layout_loops_ring, kennysheep_little_box, okawaru_altar_gauntlet_db,
          uniq_duvessa, uniq_crazy_yiuf_cottage
D:8:      layout_loops_ring, old_standard_altar, kennysheep_mini,
          lightli_corner_chamber, uniq_psyche, uniq_gastronok
D:9:      layout_cave_pods, lair_entry_dummy, zombieorc1_lemuel, enter_bailey_6
Temple:   minmay_freezing_vapour_temple

Skill      XL: |  1  2  3  4  5  6  7  8  9 |
---------------+----------------------------+-----
Summonings     | 5 6 |  6.3
Spellcasting   | 4 5 6 8 11 13 | 13.0
Air Magic      | 1 2 4 6 |  6.0
Invocations    | 4 6 |  6.8
Dodging        | |  2.4
Stealth        | |  2.4

Action                   |  1- 3 |  4- 6 |  7- 9 || total
-------------------------+-------+-------+-------++-------
Melee: Unarmed           |     8 |       |       ||     8
       Dagger            |     2 |       |       ||     2
       Short sword       |   105 |    32 |    98 ||   235
       Mace              |       |       |    82 ||    82
 Cast: Summon Small Mamm |    25 |     3 |     2 ||    30
       Call Imp          |    35 |    40 |    53 ||   128
       Summon Lightning  |       |    13 |    58 ||    71
  Use: Scroll            |     3 |     1 |    11 ||    15
       Potion            |       |       |     1 ||     1
 Stab: Sleeping          |     4 |       |    10 ||    14
       Distracted        |     1 |     2 |     2 ||     5
  Eat: Chunk             |     5 |     4 |    14 ||    23
       Ration            |       |     2 |     2 ||     4
Armor: Robe              |     5 |    21 |    33 ||    59
       Leather armour    |       |       |    42 ||    42
Dodge: Dodged            |    23 |    45 |   135 ||   203

Table legend:
 A = Non-vault XP
 B = Vault XP
 C = Vault XP percentage of total XP
 D = Non-vault monster count
 E = Vault monster count
 F = Vault count percentage of total count
                 A         B        C        D         E       F
            +---------+---------+-------+---------+---------+-------
      Total |    2359 |    2644 |  52.8 |     135 |      73 |  35.1
            +---------+---------+-------+---------+---------+-------
        D:1 |      30 |       0 |   0.0 |      21 |       0 |   0.0
        D:2 |      17 |       0 |   0.0 |       7 |       0 |   0.0
        D:3 |      70 |       0 |   0.0 |      17 |       0 |   0.0
        D:4 |     359 |       0 |   0.0 |      13 |       0 |   0.0
        D:5 |     280 |       0 |   0.0 |      14 |       0 |   0.0
        D:6 |     282 |     329 |  53.8 |      14 |       7 |  33.3
        D:7 |     685 |     148 |  17.8 |      21 |       9 |  30.0
        D:8 |     151 |    1320 |  89.7 |      16 |       2 |  11.1
        D:9 |     485 |     463 |  48.8 |      12 |      23 |  65.7
     Bailey |       0 |     384 | 100.0 |       0 |      32 | 100.0
            +---------+---------+-------+---------+---------+-------
